Map: [ESL] Data-C

Players

夜蝶蝶蝶蝶蝶蝶蝶 (Firefly)

  • Race: Protoss Protoss

iGCoffeeMs (Coffee) - Winner!

  • Race: Terran Terran
  • League: Master

Event: DreamHack SC2 Masters 2022 Atlanta (Online)

VOD

Have the link to the VOD?

Description

Time

  • Played on: Oct. 8, 2022, 8:05 a.m.
  • Length: 5:52

All games in this series

Show
View Real Time Build Order
Export as new Build Order

夜蝶蝶蝶蝶蝶蝶蝶 Protoss 

Build Orders: 1 Gate Expand, Oracle Opening 

Get SALT Encoding   

  12  0:00  Probe  
  13  0:12  Probe  
  14  0:17  Pylon  
  14  0:24  Probe (Chrono Boost)  
  15  0:36  Probe (Chrono Boost)  
  15  0:38  Gateway  
  16  0:45  Probe (Chrono Boost)  
  16  0:48  Assimilator  
  17  0:50  Probe  
  18  1:03  Probe  
  19  1:15  Probe  
  20  1:25  Cybernetics Core  
  20  1:37  Probe  
  21  1:41  Nexus  
  21  1:44  Pylon  
  21  1:49  Probe  
  21  1:53  Assimilator  
  22  2:00  Adept (Chrono Boost)  
  22  2:01  Probe  
  25  2:13  Probe  
  26  2:25  Stargate, Probe  
  26  2:28  Adept  
  29  2:32  Pylon  
  29  2:39  Probe  
  29  2:42  Warp Gate  
  30  2:46  Shield Battery  
  30  2:51  Probe  
  30  2:53  Probe  
  30  2:58  Adept  
  34  3:07  Probe  
  34  3:08  Probe  
  34  3:09  Oracle (Chrono Boost)  
  39  3:18  Pylon  
  39  3:21  Probe  
  39  3:25  Probe  
  41  3:28  Shield Battery  
  41  3:34  Adept  
  41  3:36  Probe  
  41  3:40  Probe  
  45  3:41  Oracle (Chrono Boost)  
  48  3:48  Probe  
  48  3:52  Probe  
  48  3:54  Pylon  
  50  4:00  Probe  
  51  4:04  Probe  
  51  4:05  Gateway  
  52  4:10  Twilight Council  
  52  4:13  Probe  
  52  4:16  Probe  
  54  4:18  Assimilator  
  53  4:25  Probe  
  54  4:33  Probe  
  54  4:35  Forge  
  54  4:37  Stalker  
  58  4:38  Probe  
  58  4:50  Shield Battery  
  58  5:00  Stalker  
  58  5:01  Stalker  
  62  5:19  Pylon  
  62  5:26  Nexus  
  62  5:27  Pylon  
  62  5:33  Stalker  
  62  5:34  Stalker  
Show
View Real Time Build Order
Export as new Build Order

iGCoffeeMs Terran - Winner!

Build Orders:  

Get SALT Encoding   

  12  0:00  SCV  
  13  0:12  SCV  
  14  0:17  Supply Depot  
  14  0:24  SCV  
  15  0:38  SCV  
  15  0:39  Barracks  
  16  0:44  Refinery  
  16  0:50  SCV  
  17  1:02  SCV  
  18  1:14  SCV  
  18  1:16  Engineering Bay  
  19  1:26  Marine  
  19  1:27  Orbital Command  
  20  1:45  Barracks Reactor  
  20  1:53  Command Center  
  20  1:56  SCV  
  21  2:03  Supply Depot  
  21  2:08  SCV  
  22  2:17  Barracks  
  22  2:21  Marine  
  23  2:25  SCV, Marine  
  25  2:31  Barracks  
  25  2:37  SCV  
  26  2:44  Marine x2  
  26  2:49  SCV  
  28  3:01  SCV  
  28  3:02  Marine x2  
  28  3:03  Barracks Tech Lab  
  31  3:13  SCV  
  31  3:18  Barracks Tech Lab  
  32  3:22  Marine x3  
  32  3:23  Stimpack  
  32  3:25  Orbital Command  
  35  3:27  SCV  
  35  3:31  Supply Depot  
  36  3:37  Marine  
  36  3:40  SCV, Marine x3  
  41  3:42  Combat Shield  
  41  3:52  SCV x2  
  43  3:57  Marauder  
  43  3:59  Marauder, Marine x2  
  43  4:02  Supply Depot  
  49  4:05  SCV  
  49  4:07  SCV  
  51  4:11  Refinery  
  51  4:15  Factory  
  52  4:17  SCV  
  52  4:23  Marine x3  
  52  4:24  Marine  
  56  4:25  SCV  
  56  4:30  Supply Depot  
  57  4:33  SCV  
  57  4:37  Supply Depot, SCV  
  58  4:41  Refinery  
  58  4:47  Marine x4  
  58  4:52  SCV x2  
  64  5:05  Factory Reactor, Starport  
  64  5:06  Marauder  
  64  5:07  Marauder  
  68  5:09  Marine x2  
  68  5:12  SCV  
  69  5:15  SCV  
  69  5:17  Engineering Bay  
  70  5:24  SCV  
  70  5:28  Marauder  
  73  5:32  Marine  
Tags
 
Add a new tag
Caveats
  • Supply blocks, unpowered buildings, or Contaminate may cause inaccurate times.
  • Supply counts are checked every 10 seconds.